 Dungeon Crawl Stone Soup version 0.18.1-1-g2f07953 (webtiles) character file.

248 EveningNews the Chopper (level 6, -1/55 HPs)
             Began as a Gargoyle Berserker on May 6, 2016.
             Was a Priest of Trog.
             Slain by a mummy (7 damage)
             ... in an ossuary.
             The game lasted 00:12:11 (3575 turns).

EveningNews the Chopper (Gargoyle Berserker)        Turns: 3575, Time: 00:12:11

Health: -1/55      AC: 16    Str: 25    XL:     6   Next: 12%
Magic:  6/6        EV: 11    Int:  8    God:    Trog [***...]
Gold:   209        SH:  5    Dex: 11    Spells: 0 memorised, 5 levels left

rFire  + . .     SeeInvis .     a - +0 hand axe
rCold  x . .     Gourm    .     z - +2 animal skin
rNeg   + . .     Faith    .     x - +2 buckler
rPois  ∞         Spirit   .     A - +2 helmet
rElec  +         Dismiss  .     i - +1 cloak
rCorr  .         Reflect  .     H - +0 pair of gloves
SustAt .         Harm     .     m - +0 pair of boots
MR     +....                    (no amulet)
Stlth  ..........               v - ring of protection from magic (curse)
                                n - ring of fire

@: berserking, very quick, somewhat resistant to hostile enchantments, extremely
unstealthy
A: negative energy resistance 1, electricity resistance, unbreathing,
petrification resistance, rot immunity, AC +4
a: Berserk, Trog's Hand, Burn Spellbooks, Renounce Religion


You were in an ossuary.
You worshipped Trog.
Trog was most pleased with you.
You were not hungry.

You visited 1 branch of the dungeon, and saw 4 of its levels.
You also visited: Ossuary.

You collected 209 gold pieces.

Inventory:

Hand Weapons
 a - a +0 hand axe (weapon)
 q - a +0 hand axe
 y - a +1 dagger of protection
Missiles
 l - a throwing net (quivered)
 w - 2 javelins
 E - 2 tomahawks
Armour
 b - a +0 animal skin
 i - a +1 cloak (worn)
 k - a +0 helmet
 m - a +0 pair of boots (worn)
 t - a +0 ring mail
 x - a +2 buckler (worn)
 z - a +2 animal skin (worn)
 A - a +2 helmet (worn)
 H - a +0 pair of gloves (worn)
Jewellery
 n - a ring of fire (left hand)
 p - an uncursed ring of sustain attributes
 v - a cursed ring of protection from magic (right hand)
 B - an uncursed ring of fire
 J - an uncursed ring of stealth {unknown}
Scrolls
 f - 2 scrolls of teleportation
 g - 2 scrolls of enchant armour {unknown}
 h - 2 scrolls of identify
 j - 2 scrolls of enchant weapon {unknown}
 o - a scroll of immolation {unknown}
 r - 2 scrolls of random uselessness {unknown}
 C - 2 scrolls of fear {unknown}
 G - a scroll of recharging {unknown}
 I - a scroll of magic mapping {unknown}
Potions
 d - a potion of might {unknown}
 e - a potion of brilliance {unknown}
 s - 3 potions of curing {unknown}
 u - a potion of magic {unknown}
Comestibles
 c - 4 bread rations
 D - 2 chunks of flesh
 F - a meat ration


   Skills:
 - Level 3.4 Fighting
 + Level 5.9 Axes
 - Level 2.2 Armour
 - Level 1.7 Dodging


You had 5 spell levels left.
You didn't know any spells.

Dungeon Overview and Level Annotations

Branches:
Dungeon (4/15)
 Temple: D:4-7

Altars:
Fedhas
Gozag
Trog


Innate Abilities, Weirdness & Mutations

You are resistant to torment.
Your stone body is resilient (AC +4).
You are immune to poison.
You resist negative energy.
You are resistant to electric shocks.
You can survive without breathing.
You are immune to petrification.
You are immune to rotting.


Message History

The mummy is heavily damaged.
The gnoll skeleton hits you but does no damage.
The mummy hits you!
Your shield prevents you from hitting the gnoll skeleton.
You hit the mummy but do no damage.
The mummy is heavily damaged.
You hit the gnoll skeleton.
You destroy the gnoll skeleton!
You hit the mummy but do no damage.
The mummy is heavily damaged.
The mummy hits you!
* * * LOW HITPOINT WARNING * * *
Unknown command.
A red film seems to cover your vision as you go berserk!
You feel yourself moving faster!
You feel mighty!
You feel somewhat more hungry.
You hit the mummy.
The mummy is severely damaged.
The mummy hits you!
You die...

+...+ #...#
#...# #...#
#...# #...#
#M..# #.@.#
##'''##
##.....##
###.......####
#W▓...∩.∩...▓W#
####.......####
##.....##
##...## ##▓##


You could see a mummy.

Vanquished Creatures
  An orc wizard (D:3)
  Terence (D:2)
  Robin (D:2)
  6 adders
  A howler monkey skeleton (D:4)
  A dart slug (D:3)
  2 worms (D:2)
  4 giant geckos
  6 orcs (D:3)
  2 ball pythons (D:1)
  9 bats
  6 giant cockroaches
  15 goblins
  9 hobgoblins
  4 jackals (D:1)
  13 kobolds
  2 quokkas
  4 giant newts
  3 gnoll skeletons (Ossuary)
  2 kobold skeletons (Ossuary)
  4 orc skeletons (Ossuary)
  7 rats
103 creatures vanquished.

Vanquished Creatures (others)
  3 goblins (D:2)
3 creatures vanquished.

Grand Total: 106 creatures vanquished

Notes
Turn   | Place    | Note
--------------------------------------------------------------
     0 | D:1      | EveningNews the Gargoyle Berserker began the quest for the Orb.
     0 | D:1      | Reached XP level 1. HP: 14/14 MP: 1/1
   358 | D:1      | Reached XP level 2. HP: 8/19 MP: 2/2
   383 | D:1      | Reached skill level 3 in Axes
  1151 | D:1      | Reached XP level 3. HP: 23/23 MP: 3/3
  1389 | D:2      | Reached ** piety under Trog
  1557 | D:2      | Found a faded altar to an unknown god.
  1575 | D:2      | Reached skill level 4 in Axes
  1829 | D:2      | Reached XP level 4. HP: 28/28 MP: 4/4
  1837 | D:2      | Found a blossoming altar of Fedhas.
  1861 | D:2      | Noticed Robin
  1890 | D:2      | Killed Robin
  2296 | D:2      | Noticed Terence
  2315 | D:2      | Killed Terence
  2315 | D:2      | Reached *** piety under Trog
  2315 | D:2      | Reached XP level 5. HP: 22/32 MP: 5/5
  2446 | D:2      | Reached skill level 5 in Axes
  3197 | D:3      | Reached XP level 6. HP: 37/37 MP: 6/6
  3269 | D:3      | Found a bloodstained altar of Trog.
  3277 | D:3      | Found an opulent altar of Gozag.
  3535 | D:4      | Found a sand-covered staircase.
  3550 | Ossuary  | Entered an ossuary
  3550 | Ossuary  | Noticed a wraith
  3550 | Ossuary  | Noticed a wraith
  3550 | Ossuary  | Noticed a wraith
  3575 | Ossuary  | Slain by a mummy

Skill      XL: |  1  2  3  4  5 |
---------------+----------------+-----
Axes           | 3 4 5 |  5.9
Fighting       | |  3.4
Armour         | |  2.2
Dodging        | |  1.7

Action                   |  1- 3 |  4- 6 || total
-------------------------+-------+-------++-------
Melee: Hand axe          |   166 |   187 ||   353
Invok: Berserk           |       |     2 ||     2
  Use: Scroll            |       |     2 ||     2
 Stab: Sleeping          |       |     1 ||     1
  Eat: Chunk             |     3 |     6 ||     9
       Pizza             |       |     1 ||     1
Armor: Animal skin       |    75 |    72 ||   147
Dodge: Dodged            |   131 |   102 ||   233
Block: Buckler           |       |    36 ||    36
